Map: Oxide LE

Players

MarcoMan

  • Race: Terran Terran
  • League: Master
  • Spawn Location: 1:00

thepooptruck - Winner!

  • Race: Terran Terran
  • League: Diamond
  • Spawn Location: 7:00

VOD

Have the link to the VOD?

Description

Time

  • Played on: Jan. 15, 2021, 10:38 a.m.
  • Length: 26:30
Show
View Real Time Build Order
Export as new Build Order

MarcoMan Terran 

Build Orders: 2 Factory, Gas First Reaper Expand 

Get SALT Encoding   

  12  0:01  SCV  
  13  0:13  SCV  
  14  0:18  Supply Depot  
  14  0:26  Refinery  
  14  0:29  SCV  
  15  0:41  Barracks  
  15  0:46  SCV  
  16  0:58  SCV  
  17  1:10  SCV  
  18  1:22  SCV  
  19  1:29  Reaper  
  20  1:38  Command Center  
  20  1:49  Factory  
  20  2:06  Reaper  
  21  2:08  Supply Depot  
  21  2:14  Refinery  
  21  2:27  Orbital Command  
  21  2:35  Hellion  
  23  2:39  Barracks Tech Lab  
  23  2:49  Orbital Command  
  23  2:55  SCV  
  24  3:07  SCV  
  24  3:11  Cyclone  
  28  3:14  SCV  
  28  3:19  SCV  
  30  3:26  Factory  
  30  3:27  SCV  
  31  3:28  Barracks Tech Lab  
  31  3:31  SCV  
  32  3:39  SCV  
  33  3:48  Siege Tank  
  36  3:56  Starport  
  36  4:07  SCV  
  37  4:13  SCV  
  38  4:19  SCV  
  38  4:20  Supply Depot  
  38  4:38  Viking  
  39  4:40  Supply Depot  
  38  4:59  Supply Depot  
  38  5:03  Supply Depot  
  38  5:04  Siege Tank  
  41  5:08  Viking  
  43  5:23  Factory Tech Lab  
  43  5:29  SCV x2  
  43  5:32  Refinery  
  45  5:36  Engineering Bay  
  45  5:37  Refinery  
  45  5:41  Starport Reactor, SCV x2  
  47  5:53  SCV  
  47  5:54  SCV  
  49  5:58  Siege Tank  
  52  6:05  SCV  
  52  6:06  SCV  
  52  6:07  Siege Tank  
  52  6:10  Supply Depot  
  57  6:18  SCV x2, Viking  
  59  6:21  Supply Depot  
  61  6:26  Sensor Tower  
  61  6:30  SCV x2  
  63  6:33  Command Center  
  63  6:39  Viking  
  65  6:42  SCV x2  
  64  6:54  SCV x2  
  57  7:05  Liberator  
  59  7:09  Liberator  
  59  7:12  Siege Tank  
  65  7:17  Supply Depot  
  65  7:18  SCV x2  
  67  7:30  SCV x2  
  69  7:42  SCV x2  
  71  7:45  Missile Turret  
  71  7:46  Orbital Command  
  71  7:48  Viking  
  73  7:52  Viking  
  73  7:54  SCV x2  
  77  8:03  Siege Tank  
  77  8:04  Siege Tank  
  83  8:06  Missile Turret, SCV  
  83  8:10  SCV  
  85  8:15  Supply Depot  
  85  8:18  Refinery, SCV, Viking  
  88  8:23  SCV  
  88  8:24  Refinery  
  89  8:30  SCV  
  89  8:33  Missile Turret  
  90  8:35  Siege Tank, SCV  
  94  8:43  Siege Tank  
  97  8:55  Viking x2  
  99  9:01  Missile Turret  
  101  9:06  Supply Depot x2, Orbital Command  
  101  9:07  Siege Tank  
  104  9:15  Siege Tank  
  107  9:20  Missile Turret  
  107  9:25  Viking x2  
  111  9:33  SCV x3  
  114  9:40  Siege Tank  
  114  9:45  SCV x3  
  120  9:57  SCV  
  121  10:02  Viking x2  
  121  10:03  Siege Tank  
  128  10:22  Missile Turret  
  128  10:24  Missile Turret  
  128  10:31  Command Center  
  128  10:32  Viking x2  
  132  10:44  Missile Turret  
  132  10:47  Supply Depot  
  132  10:49  Supply Depot  
  132  10:50  Supply Depot  
  132  10:59  Sensor Tower  
  132  11:01  Armory  
  132  11:03  Armory x2  
  129  11:13  Viking x2  
  130  11:35  Siege Tank x2  
  136  11:43  Viking x2  
  140  12:00  Terran Vehicle Weapons Level 1  
  140  12:01  Terran Ship Weapons Level 1, Terran Vehicle And Ship Armor Level 1  
  140  12:07  Siege Tank  
  143  12:11  Sensor Tower  
  143  12:13  Viking x2  
  143  12:14  Planetary Fortress  
  147  12:17  Thor  
  153  12:31  Missile Turret  
  153  12:34  Refinery  
  153  12:39  Thor, Refinery  
  153  12:42  Viking  
  157  12:52  Missile Turret  
  136  13:28  Starport  
  136  13:30  Starport x2  
  136  13:42  Fusion Core  
  136  13:51  Missile Turret  
  136  13:54  Sensor Tower  
  136  14:00  Siege Tank x2, Viking x2  
  136  14:01  Terran Vehicle And Ship Armor Level 2, Terran Vehicle Weapons Level 2  
  146  14:05  Starport Tech Lab  
  146  14:07  Starport Tech Lab  
  146  14:14  Starport Tech Lab  
  146  14:30  Viking  
  148  14:32  Siege Tank x2  
  154  14:45  Missile Turret  
  153  14:58  Battlecruiser  
  153  14:59  Battlecruiser x2  
  171  15:03  Supply Depot  
  167  15:30  Supply Depot  
  167  15:33  Missile Turret  
  155  15:39  Missile Turret x2  
  155  15:40  Terran Ship Weapons Level 2  
  155  15:42  Missile Turret  
  155  15:44  Missile Turret  
  155  15:59  Command Center  
  155  16:03  Battlecruiser x2  
  163  16:06  Sensor Tower  
  163  16:07  Weapon Refit  
  163  16:45  Battlecruiser  
  169  16:47  Refinery x2  
  169  17:07  Battlecruiser  
  175  17:17  Planetary Fortress  
  175  17:25  Terran Vehicle And Ship Armor Level 3, Terran Vehicle Weapons Level 3  
  175  17:38  Battlecruiser  
  181  17:50  Battlecruiser  
  167  19:02  Battlecruiser x2  
  179  19:09  Supply Depot  
  179  19:14  Terran Ship Weapons Level 3  
  179  19:15  Supply Depot  
  179  19:17  Supply Depot  
  179  19:18  Supply Depot  
  179  19:34  Battlecruiser  
  166  19:39  Supply Depot  
  166  19:47  Siege Tank x2  
  170  20:19  Siege Tank x2  
  166  20:54  Command Center  
  156  21:57  Battlecruiser x2  
  168  22:08  Siege Tank x2  
  174  22:19  Planetary Fortress  
  174  22:31  Sensor Tower  
  174  22:59  Missile Turret  
  158  23:58  Command Center  
  158  24:15  Command Center  
  158  24:29  Refinery  
  140  24:39  Viking x4  
  130  24:54  Missile Turret  
  130  24:55  Missile Turret  
  130  24:56  Missile Turret x2  
  130  25:07  Viking  
  130  25:09  Viking x4  
  91  25:47  Viking x3  
  83  26:04  Refinery  
Show
View Real Time Build Order
Export as new Build Order

thepooptruck Terran - Winner!

Build Orders: 1/1/1, Mech 

Get SALT Encoding   

  12  0:01  SCV  
  13  0:13  SCV  
  14  0:18  Supply Depot  
  14  0:24  Refinery  
  14  0:28  SCV  
  15  0:41  Barracks  
  15  0:46  SCV  
  16  0:58  SCV  
  17  1:13  SCV  
  18  1:27  SCV  
  18  1:30  Factory, Marine  
  20  1:41  Orbital Command  
  20  1:46  Supply Depot  
  20  1:48  Marine  
  21  2:04  Refinery  
  21  2:06  SCV, Marine  
  23  2:17  Factory Tech Lab, Starport  
  23  2:26  Marine  
  23  2:28  SCV  
  24  2:33  Supply Depot  
  24  2:41  SCV  
  25  2:44  Marine  
  25  2:46  Siege Tank  
  29  2:54  SCV  
  30  3:02  Marine  
  31  3:06  Medivac  
  31  3:08  SCV  
  34  3:20  Marine  
  34  3:24  SCV  
  36  3:29  Supply Depot  
  36  3:43  Siege Tank  
  39  3:50  Viking  
  39  3:55  SCV, Marine  
  42  4:01  Command Center  
  43  4:07  Supply Depot  
  43  4:08  SCV  
  44  4:15  Siege Tank  
  47  4:29  SCV  
  45  5:00  Siege Tank  
  45  5:02  Viking  
  50  5:13  Barracks Reactor  
  49  5:19  SCV  
  49  5:20  Orbital Command  
  48  5:23  Command Center  
  46  5:38  Orbital Command  
  46  5:40  SCV  
  47  5:47  Viking  
  49  5:50  Factory  
  49  5:52  Refinery, SCV  
  49  5:54  Refinery  
  50  5:57  Supply Depot  
  50  5:58  Armory  
  50  6:09  Siege Tank  
  50  6:10  SCV x2  
  57  6:30  Supply Depot  
  57  6:31  SCV x2  
  43  7:06  Siege Tank  
  43  7:07  Viking x2  
  50  7:14  SCV x2  
  53  7:20  Supply Depot  
  52  7:24  Barracks Reactor  
  52  7:26  Hellion, SCV  
  52  7:29  Factory, SCV  
  56  7:31  Factory  
  56  7:32  Factory  
  56  7:38  SCV  
  56  7:44  Orbital Command, SCV  
  57  7:47  Refinery  
  57  7:50  SCV  
  57  7:51  Refinery  
  59  7:53  Supply Depot  
  59  7:56  SCV  
  60  8:00  Viking  
  60  8:01  Viking  
  60  8:02  SCV  
  65  8:08  Terran Vehicle Weapons Level 1  
  65  8:09  SCV  
  66  8:14  SCV  
  67  8:20  Barracks Reactor  
  67  8:21  Factory Tech Lab, SCV  
  67  8:22  Factory Tech Lab  
  67  8:23  Siege Tank  
  67  8:26  Hellion x3  
  67  8:27  SCV x2  
  78  8:33  SCV  
  78  8:34  Armory  
  78  8:37  Viking  
  76  8:41  SCV  
  76  8:42  SCV  
  76  8:45  SCV  
  74  8:59  SCV  
  74  9:00  SCV  
  76  9:03  Medivac, SCV  
  79  9:11  SCV  
  80  9:18  SCV x2  
  82  9:24  SCV  
  82  9:30  SCV  
  82  9:31  SCV  
  85  9:40  Smart Servos  
  85  9:42  Siege Tank  
  85  9:43  Command Center, Viking x2  
  85  9:44  Siege Tank  
  95  9:47  Hellion x2  
  95  9:50  Widow Mine  
  101  9:57  SCV x2  
  101  9:58  SCV  
  104  10:02  Terran Vehicle Weapons Level 2  
  104  10:05  Supply Depot, Armory  
  104  10:07  Supply Depot, Hellion  
  106  10:09  SCV x2  
  106  10:24  Thor  
  106  10:26  Thor  
  118  10:30  Supply Depot  
  118  10:32  Supply Depot  
  118  10:33  SCV x3  
  121  10:36  Widow Mine  
  123  10:45  SCV x2  
  125  10:50  SCV  
  125  10:54  Orbital Command  
  126  10:57  SCV  
  126  11:00  Refinery  
  126  11:02  Refinery  
  125  11:05  Widow Mine x3  
  131  11:11  SCV x2  
  131  11:12  SCV  
  131  11:16  Thor  
  140  11:26  SCV x3  
  140  11:27  SCV  
  140  11:28  Engineering Bay  
  140  11:29  Terran Vehicle And Ship Armor Level 1  
  144  11:53  Thor x2  
  156  11:55  Hellion x2  
  156  11:56  Widow Mine x2  
  160  12:01  Starport  
  160  12:04  Starport  
  160  12:11  Thor  
  164  12:19  Terran Vehicle Weapons Level 3  
  164  12:23  SCV x2  
  164  12:36  Supply Depot  
  164  12:38  Mag-Field Accelerator, Supply Depot, Drilling Claws, Viking  
  164  12:40  Supply Depot, Command Center  
  164  12:42  Starport Reactor x2  
  164  12:45  SCV x2  
  164  12:46  Viking  
  110  13:09  Hellion x3, Siege Tank x3  
  125  13:19  SCV x3  
  123  13:20  SCV  
  123  13:24  Refinery  
  123  13:25  Viking x2  
  123  13:26  Viking  
  129  13:27  Liberator x2  
  129  13:30  Widow Mine x2  
  129  13:32  Refinery  
  139  13:41  Siege Tank  
  139  13:43  Command Center  
  139  13:45  Terran Vehicle And Ship Armor Level 2  
  139  13:47  Siege Tank  
  145  13:51  Hellion, Widow Mine  
  145  13:52  Widow Mine, SCV  
  145  13:55  Orbital Command  
  152  14:06  Hellion, Siege Tank  
  157  14:10  Viking x2  
  157  14:13  Widow Mine, Siege Tank  
  164  14:45  Missile Turret x2  
  162  14:52  Viking x3  
  166  14:53  Fusion Core  
  166  14:55  Hellion  
  166  14:56  Thor, Widow Mine x2  
  166  14:57  Siege Tank x2  
  166  14:58  Terran Ship Weapons Level 1  
  184  15:03  Command Center  
  184  15:06  Missile Turret  
  184  15:07  Neosteel Armor  
  184  15:12  Missile Turret  
  184  15:13  Missile Turret x2  
  181  15:15  Missile Turret  
  181  15:29  Siege Tank  
  188  15:35  Hellion x2  
  188  15:36  Hellion, Widow Mine x2  
  186  16:17  Orbital Command  
  168  16:35  Missile Turret  
  168  16:36  Missile Turret  
  165  16:47  Hi-Sec Auto Tracking, SCV x2  
  165  16:48  Orbital Command  
  165  16:52  Viking x3  
  165  16:53  Liberator, Viking  
  165  16:54  Liberator  
  181  16:55  Advanced Ballistics  
  181  16:58  Infernal Pre-Igniter  
  181  17:01  Siege Tank x2  
  181  17:02  Thor  
  181  17:03  Widow Mine x2, Hellion  
  199  17:14  SCV  
  200  17:19  Factory x3  
  200  17:28  Orbital Command  
  200  17:45  Refinery  
  200  17:47  Terran Ship Weapons Level 2  
  200  17:48  Terran Vehicle And Ship Armor Level 3  
  200  17:52  Starport  
  198  18:02  Missile Turret  
  198  18:03  Missile Turret  
  194  18:07  Missile Turret  
  179  18:14  Weapon Refit  
  161  18:43  SCV  
  162  18:53  Missile Turret  
  162  18:55  SCV  
  163  19:07  Missile Turret  
  163  19:08  SCV  
  162  19:10  Missile Turret  
  162  19:11  Factory Tech Lab, Factory Reactor  
  162  19:12  Widow Mine x2  
  162  19:13  Thor x2, Widow Mine  
  162  19:14  Siege Tank  
  183  19:20  SCV  
  144  19:44  Viking x6  
  144  19:46  Siege Tank x2  
  144  19:47  Hellion x3, Widow Mine  
  158  19:56  Siege Tank  
  160  20:05  SCV x4  
  160  20:06  SCV  
  156  20:13  Viking  
  156  20:14  Viking  
  139  20:27  Viking x2  
  139  20:28  Viking  
  144  20:30  Viking  
  126  20:44  Thor x2  
  126  20:45  Thor  
  126  20:46  Widow Mine  
  145  20:51  Starport  
  145  20:52  Starport  
  145  20:54  Starport  
  145  20:58  Factory Tech Lab, Viking  
  128  21:15  Viking  
  115  21:28  Viking  
  115  21:31  Refinery  
  115  21:32  Refinery  
  116  21:34  Viking x3  
  116  21:37  Thor x2  
  116  21:38  Orbital Command, Hellion  
  116  21:39  Hellion  
  133  21:45  Viking  
  130  21:58  Viking  
  130  22:00  Command Center  
  132  22:04  Viking  
  134  22:11  Siege Tank  
  134  22:12  Siege Tank  
  140  22:16  Refinery  
  140  22:18  Refinery  
  140  22:20  Viking x3  
  140  22:22  Engineering Bay  
  146  22:25  Orbital Command  
  147  22:37  SCV x4  
  150  22:45  SCV  
  150  22:49  SCV, Viking x2  
  150  22:50  Viking  
  140  23:19  Missile Turret  
  137  23:39  Missile Turret  
  115  23:41  Viking  
  115  23:42  Viking x4  
  115  23:43  Thor x2  
  115  23:44  Thor  
  115  23:45  Siege Tank  
  115  23:46  Widow Mine x2  
  141  23:56  Missile Turret x2  
  141  23:57  Missile Turret  
  141  23:58  Missile Turret  
  141  23:59  Missile Turret  
  141  24:06  SCV  
  141  24:07  Barracks  
  138  24:15  Widow Mine x2  
  137  24:17  Widow Mine, Viking x3  
  137  24:18  SCV, Viking x2  
  148  24:30  SCV  
  121  24:47  Viking  
  121  24:51  SCV x4  
  121  25:00  Siege Tank x2  
  121  25:01  Siege Tank  
  121  25:02  Liberator x4  
  121  25:05  Command Center  
  88  25:47  Viking  
  88  25:48  Viking x2  
  90  26:03  Hellion  
  90  26:04  Widow Mine x3  
  99  26:21  Refinery  
  103  26:27  Missile Turret  
Tags
 
Composition
Mech
Matchup
TvT
Race
Terran
Replay Pack
Weekend
Spawn Locations
Cross Positions
Add a new tag
Caveats
  • Supply blocks, unpowered buildings, or Contaminate may cause inaccurate times.
  • Supply counts are checked every 10 seconds.